Map: Dusk Towers

Players

Miszu

  • Race: Terran Terran
  • League: Master

McRiggins - Winner!

  • Race: Zerg Zerg
  • League: Master

VOD

Have the link to the VOD?

Description

Time

  • Played on: March 10, 2016, 5:54 p.m.
  • Length: 8:27
Show
View Real Time Build Order
Export as new Build Order

Miszu Terran 

Build Orders: MMM Bio 

Get SALT Encoding   

  12  0:00  SCV  
  13  0:12  SCV  
  14  0:18  Supply Depot  
  14  0:25  SCV  
  15  0:40  SCV  
  15  0:42  Barracks  
  16  0:46  Refinery  
  16  0:52  SCV  
  18  1:04  SCV  
  18  1:16  SCV  
  19  1:28  Orbital Command  
  19  1:34  Barracks Reactor  
  19  1:40  Command Center  
  19  1:52  Supply Depot  
  19  1:54  SCV  
  20  2:06  SCV  
  21  2:12  Reaper x2  
  23  2:18  SCV  
  24  2:27  Command Center  
  24  2:30  SCV  
  25  2:43  SCV  
  26  2:46  Reaper  
  26  2:47  Reaper  
  28  2:55  SCV  
  28  2:58  Orbital Command  
  29  3:01  Refinery  
  29  3:07  SCV  
  29  3:12  Barracks  
  30  3:15  Barracks  
  30  3:19  SCV  
  31  3:27  Reaper x2  
  31  3:29  SCV  
  31  3:31  SCV  
  34  3:41  SCV  
  35  3:42  Orbital Command  
  35  3:43  SCV  
  36  3:51  Factory  
  36  3:53  SCV  
  36  3:55  SCV  
  38  4:00  Barracks Tech Lab  
  38  4:03  Barracks Tech Lab  
  38  4:04  Marine x2  
  38  4:05  SCV  
  38  4:07  SCV  
  38  4:08  SCV  
  43  4:10  Refinery  
  43  4:11  Refinery  
  43  4:17  SCV  
  43  4:19  SCV  
  43  4:20  Supply Depot, SCV  
  43  4:21  Stimpack  
  43  4:22  Marine x2  
  48  4:27  Engineering Bay x2  
  48  4:29  SCV  
  49  4:31  SCV  
  49  4:32  SCV  
  49  4:34  Marine  
  52  4:39  Starport, Factory Reactor  
  52  4:41  SCV  
  52  4:44  SCV  
  55  4:49  Marine  
  55  4:50  Marine x2, Combat Shields, Orbital Command  
  55  4:52  Marine  
  58  4:53  SCV  
  58  4:56  SCV  
  58  4:59  Supply Depot  
  60  5:00  Supply Depot  
  60  5:05  Missile Turret  
  60  5:06  SCV, Missile Turret  
  61  5:08  SCV  
  61  5:11  Marine  
  61  5:12  Marine  
  64  5:15  SCV  
  64  5:18  SCV, Missile Turret  
  64  5:20  SCV  
  67  5:25  Terran Infantry Weapons Level 1, Terran Infantry Armor Level 1, Factory Reactor  
  67  5:28  SCV  
  68  5:32  Medivac x2  
  68  5:33  SCV  
  68  5:34  SCV  
  74  5:39  Supply Depot  
  74  5:40  SCV  
  74  5:41  Supply Depot  
  75  5:46  Marine  
  75  5:48  Barracks  
  76  5:51  Barracks  
  76  5:53  SCV x3  
  76  5:55  Marine x2  
  81  6:02  Armory  
  81  6:05  SCV x3  
  84  6:13  Supply Depot  
  84  6:15  Supply Depot, Marine x3  
  84  6:16  Marine, Widow Mine  
  84  6:17  SCV x3  
  84  6:18  Medivac  
  95  6:19  Widow Mine  
  95  6:29  SCV x2  
  96  6:33  Marine x2  
  96  6:35  Marine  
  96  6:39  Marine  
  101  6:49  Barracks Reactor  
  101  6:50  Barracks Reactor  
  101  6:51  Marine x2, Medivac, Widow Mine x2  
  101  6:52  Medivac  
  101  6:53  Marine  
  114  6:56  Supply Depot, Marine  
  114  6:59  Supply Depot  
  114  7:00  Supply Depot  
  112  7:01  Supply Depot  
  112  7:08  Marine  
  112  7:09  Marine  
  112  7:10  Barracks  
  112  7:11  Marine, Barracks x2  
  112  7:14  Marine  
  116  7:19  Widow Mine  
  118  7:23  Widow Mine  
  118  7:24  Medivac x2  
  118  7:26  Marine x2  
  118  7:29  Supply Depot, Marauder  
  128  7:30  Supply Depot, Refinery x2  
  115  7:41  Marine  
  115  7:42  Marine x3, Marauder  
  112  7:44  Marine  
  112  7:45  Marine  
  112  7:48  Widow Mine  
  112  7:51  Marauder  
  118  7:52  Widow Mine  
  118  7:54  Medivac  
  119  8:03  Marauder  
Show
View Real Time Build Order
Export as new Build Order

McRiggins Zerg - Winner!

Build Orders: Hatch First 

Get SALT Encoding   

  12  0:01  Drone  
  13  0:12  Overlord  
  13  0:17  Drone  
  14  0:30  Drone  
  14  0:31  Drone  
  14  0:35  Drone  
  17  0:51  Hatchery  
  17  0:54  Drone  
  17  0:58  Drone  
  18  1:08  Extractor  
  17  1:12  Spawning Pool  
  17  1:15  Drone  
  17  1:18  Drone  
  18  1:28  Drone  
  19  1:39  Overlord  
  19  1:59  Queen  
  19  2:00  Zergling x4  
  23  2:03  Queen  
  23  2:04  Drone  
  23  2:08  Metabolic Boost  
  26  2:12  Drone  
  27  2:16  Drone  
  28  2:30  Drone x2  
  28  2:34  Drone  
  28  2:35  Queen  
  33  2:41  Overlord  
  33  2:47  Drone x2  
  33  2:48  Lair  
  34  2:59  Zergling x4  
  35  3:06  Drone  
  35  3:08  Drone  
  37  3:16  Drone  
  37  3:17  Drone x5  
  42  3:30  Extractor  
  41  3:35  Extractor  
  41  3:36  Extractor  
  41  3:37  Drone x3  
  42  3:44  Drone x2  
  42  3:46  Overlord x2  
  44  3:57  Spire  
  44  4:00  Drone  
  44  4:06  Drone  
  44  4:09  Drone x3  
  48  4:16  Hatchery  
  47  4:21  Drone x3  
  51  4:24  Drone x2  
  51  4:25  Drone x2  
  54  4:35  Roach Warren  
  53  4:38  Evolution Chamber  
  53  4:43  Overlord  
  53  4:44  Overlord  
  51  5:05  Zerg Missile Weapons Level 1  
  51  5:09  Mutalisk x6  
  63  5:16  Mutalisk  
  65  5:23  Drone x7  
  72  5:32  Overlord x2  
  72  5:36  Glial Reconstitution  
  72  5:39  Overlord x2  
  72  5:42  Drone  
  73  5:47  Drone  
  73  5:48  Drone x3  
  73  5:49  Overlord  
  77  5:56  Roach  
  77  5:57  Roach x2  
  83  6:00  Roach  
  83  6:01  Roach  
  87  6:08  Roach x4  
  95  6:16  Roach x4  
  103  6:25  Roach x5  
  111  6:32  Roach  
  111  6:34  Roach x3  
  113  6:41  Roach  
  113  6:42  Roach  
  113  6:43  Overlord x3  
  113  6:49  Roach  
  113  6:50  Roach x2  
  119  6:55  Ravager x2  
  119  6:57  Overlord  
  119  6:59  Extractor  
  119  7:00  Ravager  
  121  7:04  Roach  
  121  7:05  Roach x4  
  131  7:14  Ravager x2  
  133  7:24  Roach x4  
  133  7:25  Roach  
  133  7:26  Zergling x2  
  133  7:27  Zergling x8  
  139  7:42  Roach x3  
  139  7:43  Roach x3  
  145  7:50  Ravager  
  145  7:51  Ravager  
  147  7:52  Zergling x12  
  153  7:58  Extractor  
  153  8:05  Hatchery  
Tags
 
Composition
MMM Bio
Matchup
TvZ
Add a new tag
Caveats
  • Supply blocks, unpowered buildings, or Contaminate may cause inaccurate times.
  • Supply counts are checked every 10 seconds.